Map: Proxima Station LE

Players

ArT - Winner!

  • Race: Protoss Protoss
  • Spawn Location: 1:00

HaPe

  • Race: Protoss Protoss
  • Spawn Location: 7:00

Event: IEM XI Katowice - World Championship 2017

VOD

Have the link to the VOD?

Description

Time

  • Played on: Feb. 28, 2017, 10:35 a.m.
  • Length: 7:57

All games in this series

Show
View Real Time Build Order
Export as new Build Order

ArT Protoss - Winner!

Build Orders: 1 Gate Expand 

Get SALT Encoding   

  12  0:00  Probe (Chrono Boost)  
  13  0:11  Probe (Chrono Boost)  
  14  0:17  Pylon  
  14  0:22  Probe (Chrono Boost)  
  16  0:35  Probe (Chrono Boost)  
  16  0:38  Gateway  
  16  0:43  Assimilator  
  16  0:46  Probe (Chrono Boost)  
  18  0:57  Probe (Chrono Boost)  
  18  1:07  Probe (Chrono Boost)  
  19  1:25  Nexus  
  19  1:29  Probe (Chrono Boost)  
  20  1:40  Cybernetics Core  
  20  1:43  Probe (Chrono Boost)  
  21  1:49  Assimilator  
  22  1:54  Probe (Chrono Boost)  
  22  2:01  Pylon  
  22  2:04  Probe (Chrono Boost)  
  22  2:07  Warp Gate  
  23  2:20  Mothership Core (Chrono Boost), Stalker  
  27  2:31  Gateway  
  27  2:41  Probe x2 (Chrono Boost)  
  29  2:46  Stalker  
  30  2:55  Probe x2 (Chrono Boost)  
  32  3:05  Robotics Facility  
  32  3:12  Probe (Chrono Boost)  
  34  3:13  Probe (Chrono Boost), Sentry  
  36  3:22  Pylon  
  36  3:26  Probe (Chrono Boost)  
  37  3:29  Stalker  
  39  3:42  Gateway  
  39  3:45  Probe x2 (Chrono Boost)  
  41  3:52  Pylon  
  42  3:57  Probe (Chrono Boost), Immortal  
  46  4:07  Probe (Chrono Boost)  
  46  4:09  Probe (Chrono Boost)  
  48  4:14  Sentry  
  48  4:15  Pylon  
  50  4:20  Pylon  
  50  4:23  Stalker  
  52  4:34  Twilight Council  
  52  4:37  Pylon  
  52  4:38  Immortal  
  56  4:48  Adept  
  56  4:51  Probe (Chrono Boost)  
  60  4:52  Probe (Chrono Boost)  
  60  4:57  Stalker  
  62  5:02  Probe (Chrono Boost)  
  62  5:05  Probe (Chrono Boost)  
  62  5:07  Stalker  
  66  5:15  Assimilator  
  66  5:16  Gateway  
  66  5:21  Blink  
  66  5:26  Probe (Chrono Boost)  
  66  5:27  Probe (Chrono Boost)  
  66  5:28  Pylon  
  68  5:29  Assimilator  
  68  5:42  Probe (Chrono Boost)  
  69  5:48  Gateway  
  69  5:49  Stalker x2  
  73  5:54  Gateway  
  73  6:01  Pylon  
  73  6:04  Probe (Chrono Boost)  
  74  6:13  Adept x2  
  74  6:15  Pylon  
  77  6:21  Immortal  
  77  6:25  Probe (Chrono Boost)  
  73  6:30  Probe (Chrono Boost)  
  78  6:35  Stalker x2  
  78  6:37  Probe (Chrono Boost)  
  83  6:49  Stalker  
  83  6:50  Stalker  
  83  6:53  Cybernetics Core  
  87  6:58  Observer, Stalker  
  90  7:14  Warp Prism  
  91  7:16  Pylon, Probe (Chrono Boost)  
  91  7:17  Probe (Chrono Boost)  
  94  7:25  Pylon  
  94  7:28  Pylon  
  94  7:30  Pylon  
  86  7:47  Stalker x2  
  86  7:48  Stalker x3  
Show
View Real Time Build Order
Export as new Build Order

HaPe Protoss 

Build Orders:  

Get SALT Encoding   

  12  0:00  Probe (Chrono Boost)  
  13  0:14  Pylon  
  13  0:17  Probe (Chrono Boost)  
  14  0:29  Probe (Chrono Boost)  
  14  0:33  Gateway  
  15  0:40  Probe (Chrono Boost)  
  16  0:45  Assimilator  
  16  0:50  Probe (Chrono Boost)  
  16  0:55  Assimilator  
  17  1:01  Probe (Chrono Boost)  
  18  1:09  Gateway  
  18  1:12  Probe (Chrono Boost)  
  19  1:22  Cybernetics Core  
  19  1:26  Probe (Chrono Boost)  
  20  1:37  Probe (Chrono Boost)  
  20  1:38  Pylon  
  21  1:48  Probe (Chrono Boost)  
  22  1:57  Warp Gate  
  22  1:58  Stalker  
  22  1:59  Stalker  
  28  2:27  Pylon  
  28  2:32  Stalker  
  28  2:46  Stalker  
  32  2:51  Mothership Core (Chrono Boost)  
  32  2:52  Pylon  
  32  2:54  Robotics Facility  
  32  3:05  Gateway  
  32  3:18  Pylon  
  32  3:38  Immortal  
  36  4:01  Stalker x2  
  36  4:02  Stalker  
  42  4:12  Warp Prism  
  44  4:24  Sentry  
  44  4:25  Sentry  
  44  4:26  Adept  
  50  4:56  Adept x2  
  54  5:00  Pylon  
  53  5:22  Adept x3  
  57  5:46  Nexus  
  57  5:56  Immortal  
  55  6:30  Probe (Chrono Boost)  
  55  6:32  Pylon  
  53  7:15  Probe (Chrono Boost)  
  53  7:16  Probe (Chrono Boost)  
  53  7:22  Twilight Council, Adept  
  54  7:23  Adept x2  
  54  7:26  Probe x2 (Chrono Boost)  
  56  7:46  Stalker x3  

Tags
 
Add a new tag
Caveats
  • Supply blocks, unpowered buildings, or Contaminate may cause inaccurate times.
  • Supply counts are checked every 10 seconds.